cohdb
Replays
Latest Replays
All Replays
Popular Replays
Top Player Replays
Match Explorer
How It Works
Community
CoH3 Stats
Reddit
Sign in to upload your games and track your stats! →
Sign in with Steam
Match 38737145
Unlisted
Match 38737145
Overview
Messages
Build Orders
End
Construct Barracks
Construct Weapon Support Center
Scout Squad
M1919 Machine Gun Team
Scout Squad
Selects Special Operations Battlegroup
Selects Special Operations Battlegroup
Bazooka Squad
M1919 Machine Gun Team
Mechanized Support Center
Selects M29 Weasel with M1 Pack Howitzer
M29 Weasel with M1 Pack Howitzer
M3 75 mm Gun Motor Carriage
Bazooka Squad
Construct Tank Depot
Engineer Squad
Selects Raiding Flares
Selects SSF Commando Squad
XuZhongwei
mr. lazу
0
0
Comments
sign in to comment!
No comments posted yet!